 Dungeon Crawl Stone Soup version 0.19-a0-1834-g6b7851e (webtiles) character file.

198 KarmaPolice the Slasher (level 5, -2/41 HPs)
             Began as a Vampire Gladiator on Oct 8, 2016.
             Killed from afar by an orc wizard (8 damage)
             ... with a magic dart
             ... on level 3 of the Dungeon.
             The game lasted 00:05:59 (3025 turns).

KarmaPolice the Slasher (Vampire Gladiator)         Turns: 3025, Time: 00:06:01

Health: -2/41      AC:  4    Str: 15    XL:     5   Next: 47%
Magic:  5/5        EV: 13    Int: 10    God:
Gold:   136        SH:  0    Dex: 15    Spells: 0 memorised, 4 levels left

rFire  . . .     SeeInvis +     a - +0 long sword
rCold  + . .     Gourm    .     b - +0 leather armour
rNeg   + + .     Faith    .     (no shield)
rPois  +         Spirit   .     c - +0 helmet
rElec  .         Dismiss  .     (no cloak)
rCorr  .         Reflect  .     (no gloves)
MR     .....     Harm     .     (no boots)
Stlth  ++........               (no amulet)
                                (no ring)
                                (no ring)

@: regenerating slowly
A: fangs 3, see invisible, unbreathing
a: Bat Form


You were on level 3 of the Dungeon.
You were very thirsty.

You visited 1 branch of the dungeon, and saw 3 of its levels.

You collected 136 gold pieces.

Inventory:

Hand Weapons
 a - a +0 long sword (weapon)
Missiles
 d - 3 throwing nets (quivered)
Armour
 b - a +0 leather armour (worn)
 c - a +0 helmet (worn)
Wands
 o - a wand of flame (14/48)
 q - a wand of random effects (15/48)
Scrolls
 f - 2 scrolls of remove curse {unknown}
 g - a scroll of magic mapping {unknown}
 h - a scroll of blinking {unknown}
 m - a scroll of enchant armour {unknown}
 p - a scroll of enchant weapon {unknown}
Potions
 e - 22 potions of blood
 i - a potion of heal wounds {unknown}
 j - a potion of might {unknown}
 k - a potion of resistance {unknown}
 l - a potion of flight {unknown}
 n - a potion of berserk rage {unknown}


   Skills:
 + Level 3.1 Fighting
 + Level 4.4 Long Blades
 - Level 1.5 Throwing
 + Level 1.9 Armour
 + Level 3.8 Dodging


You had 4 spell levels left.
You didn't know any spells.

Dungeon Overview and Level Annotations

Branches:
Dungeon (3/15)

Altars:
Ashenzari
Gozag
Nemelex Xobeh

Annotations:
D:3 Roxy's ghost, amateur DsMo


Innate Abilities, Weirdness & Mutations

You heal slowly.
You have razor-sharp teeth.
You have supernaturally acute eyesight. (SInv)
You can survive without breathing.


Message History

The orc wizard closely misses you.
You hit the orc wizard.
The orc wizard is lightly wounded.
The orc wizard gestures at you while chanting.
The puff of frost hits you! You resist.
The orc wizard casts a cantrip, but nothing happens.
You hit the orc wizard.
The orc wizard is moderately wounded.
The orc wizard barely misses you. The orc wizard hits you with a dagger.
You closely miss the orc wizard. Your bite misses the orc wizard.
The orc wizard is moderately wounded.
The orc wizard hits you with a dagger.
You slash the orc wizard!
The orc wizard is almost dead.
The orc wizard casts a spell at you. The puff of flame hits you!
* * * LOW HITPOINT WARNING * * *
The orc wizard points at you and mumbles some strange words.
The magic dart hits you!
You die...

.# #.# #.......)#
## #.# ####..>#.#
#.###### ##.##.#
#......# #<##.#
######## #.##.#
#.##.#
###################
#.##.#
#.#.#.#.#.#.#.#.#.#
..##.#
.#.#.#.#.#.#.#.#@#
#..
#.###.###.###.###o#
...
.#.#.#.#.#.#.#.#
#.# #.. #.#.#.#.#
#.# #.# #.#
######### ### ## ##


You could see an orc wizard.

Vanquished Creatures
  Terence (D:2)
  A gnoll (D:1)
  7 adders
  A worm (D:2)
  4 dart slugs (D:1)
  3 leopard geckos
  4 orcs (D:3)
  2 ball pythons
  A giant cockroach (D:3)
  6 goblins
  13 hobgoblins
  7 jackals (D:2)
  5 kobolds
  11 bats
  7 frilled lizards
  6 rats
79 creatures vanquished.

Vanquished Creatures (others)
  A kobold (D:1)
1 creature vanquished.

Grand Total: 80 creatures vanquished

Notes
Turn   | Place    | Note
-------+----------+-------------------------------------------
     0 | D:1      | KarmaPolice the Vampire Gladiator began the quest for the Orb.
     0 | D:1      | Reached XP level 1. HP: 16/16 MP: 1/1
   178 | D:1      | Reached XP level 2. HP: 22/22 MP: 2/2
   187 | D:1      | Found a shattered altar of Ashenzari.
   582 | D:1      | Reached XP level 3. HP: 28/28 MP: 3/3
   862 | D:1      | Reached skill level 1 in Armour
  1733 | D:2      | Reached XP level 4. HP: 34/34 MP: 4/4
  1980 | D:2      | Noticed Terence
  1989 | D:2      | Killed Terence
  2004 | D:2      | Reached skill level 4 in Long Blades
  2071 | D:2      | Found an opulent altar of Gozag.
  2072 | D:2      | Found a sparkling altar of Nemelex Xobeh.
  2102 | D:2      | Reached XP level 5. HP: 40/41 MP: 5/5
  2642 | D:3      | Noticed Roxy's ghost (amateur DsMo)
  3025 | D:3      | Killed from afar by an orc wizard

Vault maps used:
D:1:      dpeg_arrival_refuge, minivault_23, hangedman_decor_points,
          nicolae_ashenzari_panopticon
D:2:      grunt_temple_overflow_opulence, minmay_quantized, uniq_terence
D:3:      zin_scriptorium, roderic_roman_lattice

Skill      XL: |  1  2  3  4 |
---------------+-------------+-----
Fighting       | 2 3 |  3.1
Armour         | 1 |  1.9
Long Blades    | 4 |  4.4
Throwing       | |  1.5
Dodging        | |  3.8

Action                   |  1- 3 |  4- 6 || total
-------------------------+-------+-------++-------
Melee: Long sword        |    96 |   135 ||   231
       Bite              |    12 |    14 ||    26
 Abil: End Transformatio |     1 |     1 ||     2
       Bat Form          |     1 |     1 ||     2
  Use: Potion            |     1 |     1 ||     2
 Stab: Sleeping          |     3 |     9 ||    12
  Eat: Corpse            |       |     1 ||     1
Armor: Leather armour    |    22 |    35 ||    57
Dodge: Dodged            |    90 |    90 ||   180
       Rpst.: Long sword |    31 |    28 ||    59
